Map: Kairos Junction LE

Players

Stoldent - Winner!

  • Race: Terran Terran
  • Spawn Location: 5:00

Sebastian

  • Race: Terran Terran
  • League: Silver
  • Spawn Location: 11:00

VOD

Have the link to the VOD?

Description

Time

  • Played on: Nov. 22, 2018, 6:01 p.m.
  • Length: 5:00
Show
View Real Time Build Order
Export as new Build Order

Stoldent Terran - Winner!

Build Orders: 1/1/1, Liberator Opening 

Get SALT Encoding   

  12  0:00  SCV  
  13  0:13  SCV  
  14  0:17  Supply Depot  
  14  0:25  SCV  
  15  0:29  Refinery  
  15  0:38  SCV  
  16  0:44  Barracks  
  16  0:52  SCV  
  17  0:57  Refinery  
  17  1:04  SCV  
  18  1:16  SCV  
  19  1:38  Factory, Reaper, Orbital Command  
  20  1:46  Supply Depot  
  20  2:03  SCV  
  21  2:10  Reaper  
  22  2:15  SCV  
  23  2:23  Hellion, Starport  
  23  2:28  SCV  
  26  2:34  Supply Depot  
  26  2:40  SCV  
  27  2:44  Barracks Tech Lab  
  27  2:47  Liberator  
  27  2:52  Factory Tech Lab, SCV  
  27  3:03  Hellion  
  27  3:04  Marauder, SCV  
  35  3:07  Bunker  
  32  3:16  SCV  
  31  3:27  Marauder  
  33  3:28  SCV  
  33  3:29  Hellion  
  36  3:39  Supply Depot  
  36  3:56  Supply Depot  
  36  4:01  SCV, Factory Reactor  
  39  4:09  Starport Tech Lab  
  37  4:15  Barracks Reactor  
  36  4:19  Siege Tank  
  38  4:29  Command Center  
Show
View Real Time Build Order
Export as new Build Order

Sebastian Terran 

Build Orders:  

Get SALT Encoding   

  12  0:01  SCV  
  13  0:15  Supply Depot  
  13  0:39  Barracks  
  13  0:47  Barracks  
  13  0:58  SCV  
  14  1:27  Marine  
  14  1:29  Barracks  
  14  1:31  Barracks  
  15  1:35  Marine  
  16  1:41  Supply Depot  
  16  1:45  Marine  
  17  2:04  Marine  
  17  2:05  Marine  
  19  2:15  Marine  
  19  2:17  Marine  
  19  2:22  Marine  
  21  2:38  Marine x2  
  21  2:39  Marine  
  21  2:40  Marine  
  25  2:55  Marine  
  25  2:57  Marine  
  25  2:58  Marine  
  28  3:00  Marine  
  27  3:13  Marine  
  27  3:15  Marine x2  
  27  3:18  Marine  
  26  3:31  Marine  
  26  3:33  Marine  
  26  3:35  Marine  
  26  3:36  Marine  
  25  3:49  Marine  
  25  3:51  Marine  
  25  3:54  Marine  
  28  3:58  Supply Depot  
  28  4:07  Marine  
  28  4:09  Marine  
  27  4:15  Marine x2  
  18  4:24  Marine  
  18  4:27  Marine  
  14  4:33  Marine x2  
  10  4:42  Marine  
Tags
 
Add a new tag
Caveats
  • Supply blocks, unpowered buildings, or Contaminate may cause inaccurate times.
  • Supply counts are checked every 10 seconds.